 Dungeon Crawl Stone Soup version 0.29.1-2-gbd0b4ee654 (webtiles) character file.

Game seed: 9240433258675586720

245 zeram the Covered (level 6, -5/33 (52) HPs)
             Began as a Meteoran Fighter on Nov 2, 2022.
             Slain by an ogre
             ... wielding a +0 giant club
              (7 damage)
             ... on level 5 of the Dungeon.
             The game lasted 00:05:56 (2405 turns).

zeram the Covered (Meteoran Fighter)                Turns: 2405, Time: 00:05:57

HP:   -5/33 (52)    AC: 14    Str: 17    XL:     6   Next: 59%
MP:   7/7           EV:  5    Int: 13    God:
Gold: 178           SH:  5    Dex: 13    Spells: 5/5 levels left

rFire   . . .      SeeInvis .   j - +3 spear (freeze)
rCold   . . .      Faith    .   c - +0 buckler
rNeg    . . .      Spirit   .   l - +0 plate armour
rPois   .          Reflect  .   (no helmet)
rElec   .          Harm     .   (no cloak)
rCorr   .          Rampage  .   p - +1 pair of gloves
Will    .....                   (no boots)
Stlth   ..........              (no amulet)
HPRegen 0.11/turn               k - ring of flight
MPRegen 0.10/turn               (no ring)

@: flying, glowing, studying Axes, very heavily drained
A: sense surroundings 1, otherworldly, glowing, explore regen
a: no special abilities


You were on level 5 of the Dungeon.
You visited 1 branch of the dungeon, and saw 5 of its levels.

You collected 178 gold pieces.

Inventory:

Hand Weapons
 a - a +0 flail
 e - a +0 dagger of freezing
 j - a +3 spear of freezing (weapon)
Armour
 b - a +0 scale mail
 c - a +0 buckler (worn)
 l - a +0 plate armour (worn)
 p - a +1 pair of gloves (worn)
Jewellery
 f - a ring of fire
 k - a ring of flight (left hand)
Scrolls
 m - 3 scrolls of noise
 q - 2 scrolls of enchant armour
 r - 2 scrolls of identify
 s - a scroll of teleportation
Potions
 d - 3 potions of might
 g - a potion of brilliance {unknown}
 h - 6 potions of curing
 i - 2 potions of magic {unknown}
 n - a potion of degeneration {unknown}
 o - a potion of haste {unknown}


   Skills:
 + Level 3.8 Fighting
 + Level 3.4 Maces & Flails
 + Level 2.4 Polearms
 + Level 5.3 Armour
 + Level 2.1 Dodging
 + Level 4.9 Shields


You had 5 spell levels left.
You didn't know any spells.
Your spell library contained the following spells:

 Spells                   Type           Power      Damage    Failure   Level
 Beastly Appendage        Tmut           0%         N/A       100%        1
 Wereblood                Tmut           0%         N/A       100%        2
 Gell's Gravitas          Tloc           0%         N/A       100%        3
 Lesser Beckoning         Tloc           0%         N/A       100%        3
 Spider Form              Tmut/Pois      0%         N/A       100%        3
 Teleport Other           Tloc           0%         N/A       100%        3
 Dispersal                Tloc           0%         N/A       100%        6
 Disjunction              Tloc           0%         N/A       100%        8


Dungeon Overview and Level Annotations

Branches:
Dungeon (5/15) Zot: 766    Temple (0/1) D:4

Altars:
Elyvilon
Xom

Shops:
D:3 =


Innate Abilities, Weirdness & Mutations

You passively map a small area around you.
You are easily found by Zot.
You glow in the dark.
You regain HP and MP as you explore.


Message History

An adder is nearby!
An adder is nearby!
An adder is nearby!
You hit the adder. You freeze the adder.
The adder is heavily wounded.
You block the adder's attack. The adder bites you but does no damage.
You miss the adder.
The adder is heavily wounded.
The adder barely misses you.
You hit the adder.
The adder seems to slow down.
You freeze the adder.
The adder is almost dead.
The adder bites you but does no damage.
You hit the adder. You freeze the adder.
You kill the adder!
No target in view!
No target in view!
HP restored.
s - a scroll of teleportation You see here an adder corpse.
q - 2 scrolls of enchant armour (gained 1)
An ogre comes into view. It is wielding a +0 giant club.
An ogre is nearby!
An ogre is nearby!
An ogre is nearby!
An ogre is nearby!
You closely miss the ogre. The ogre hits you with a +0 giant club!
You hit the ogre. You freeze the ogre.
The ogre is lightly wounded.
You completely miss the ogre.
The ogre is lightly wounded.
The ogre hits you with a +0 giant club!!
Ouch! That really hurt!
* * * LOW HITPOINT WARNING * * *
You are too injured to fight recklessly!
You are too injured to fight recklessly!
You are too injured to fight recklessly!
You are too injured to fight recklessly!
Unknown command.
The ogre attacks as you move away! The ogre hits you with a +0 giant club!
You die...

*
###..................,
#..............(... ,
*
..................###
*
##..................#
*####.......#†.#.... .
....$.......## ...
...##..#......#.....
,.......#..##....# * ,
...)....@###.......#
###.#..O# ...#.##..
,#.#..#....##.# # , *
##. ...## # , , ..###.
,,,** * , .#. ..# ,
##.* .## , *#. * * *


You could see an ogre.

Vanquished Creatures
  A necrophage (D:4)
  An orc priest (D:4)
  8 adders
  A gnoll (D:1)
  2 worms (D:2)
  2 dart slugs
  3 orcs (D:4)
  6 ball pythons
  7 endoplasms
  2 giant cockroaches
  2 goblins
  6 hobgoblins
  3 jackals (D:2)
  3 quokkas
  5 bats
  2 frilled lizards (D:1)
  2 kobolds
  5 rats
61 creatures vanquished.

Vanquished Creatures (others)
  5 dream sheep (D:4)
5 creatures vanquished.

Grand Total: 66 creatures vanquished

Notes
Turn   | Place    | Note
-------+----------+-------------------------------------------
     0 | D:1      | zeram the Meteoran Fighter began the quest for the Orb.
     0 | D:1      | Reached XP level 1. HP: 19/19 MP: 2/2
    74 | D:1      | Found a faded altar of an unknown god.
    87 | D:1      | Reached XP level 2. HP: 25/26 MP: 3/3
   141 | D:1      | Reached skill level 4 in Armour
   232 | D:1      | Reached XP level 3. HP: 28/31 MP: 4/4
   486 | D:1      | Glimpsed the power of Zot.
   594 | D:2      | Reached XP level 4. HP: 23/38 MP: 5/5
   622 | D:2      | Reached skill level 1 in Dodging
  1015 | D:2      | Found a white marble altar of Elyvilon.
  1073 | D:3      | Reached XP level 5. HP: 31/45 MP: 6/6
  1235 | D:3      | Found Suazoitt's Jewellery Shoppe.
  1716 | D:4      | Reached skill level 1 in Polearms
  1726 | D:4      | Reached skill level 5 in Armour
  1731 | D:4      | Reached XP level 6. HP: 29/52 MP: 7/7
  1913 | D:4      | Noticed a dream sheep
  1913 | D:4      | Noticed a dream sheep
  1913 | D:4      | Noticed a dream sheep
  1913 | D:4      | Noticed a dream sheep
  1913 | D:4      | Noticed a dream sheep
  1913 | D:4      | Found a shimmering altar of Xom.
  1917 | D:4      | Killed a dream sheep
  1917 | D:4      | Killed a dream sheep
  1917 | D:4      | Killed a dream sheep
  1918 | D:4      | Killed a dream sheep
  1918 | D:4      | Killed a dream sheep
  1999 | D:4      | Found a staircase to the Ecumenical Temple.
  2270 | D:4      | Glimpsed the power of Zot.
  2320 | D:4      | Glimpsed the power of Zot.
  2360 | D:4      | Glimpsed the power of Zot.
  2370 | D:4      | Touched by the power of Zot.
  2375 | D:5      | Entered Level 5 of the Dungeon
  2398 | D:5      | Noticed an ogre
  2405 | D:5      | Slain by an ogre

Illustrated notes

Levels and vault maps discovered:
D:1:      heliophobic_arrival_battle_scene, layout_rooms,
          nicolae_ecumenical_lake_church, minmay_misc_feat_tiny
D:2:      layout_basic, basic_altar
D:3:      layout_rooms, serial_shops, shop
D:4:      layout_basic, kb_xom_exploding_sheep, minmay_temple_entry_offerings,
          kennysheep_generic_room_4
D:5:      minmay_diamond_boxcup, layout_rooms, minmay_between, uniq_pikel

Skill      XL: |  1  2  3  4  5  6 |
---------------+-------------------+-----
Maces & Flails | 3 |  3.4
Armour         | 4 5 |  5.3
Shields        | 4 |  4.9
Dodging        | 1 2 |  2.1
Polearms       | 1 2 |  2.4
Fighting       | |  3.8

Action                   |  1- 3 |  4- 6 || total
-------------------------+-------+-------++-------
Melee: Flail             |    31 |       ||    31
       Spear             |    44 |   129 ||   173
  Use: Scroll            |       |     8 ||     8
Armor: Scale mail        |    42 |    23 ||    65
       Plate armour      |       |    38 ||    38
Dodge: Dodged            |    17 |    27 ||    44
Block: Buckler           |    15 |    20 ||    35
